 Dungeon Crawl Stone Soup version 0.14-a0-40-g75911bd (webtiles) character file.

240 Leibowitz the Sneak (level 4, -2/24 HPs)
             Began as a Kobold Enchanter on Sept 28, 2013.
             Slain by an orc wizard
             ... wielding a -1,+1 orcish dagger
              (7 damage)
             ... on Level 3 of the Dungeon.
             The game lasted 00:12:08 (3777 turns).

Leibowitz the Sneak (Kobold Enchanter)              Turns: 3777, Time: 00:12:09

HP  -2/24        AC  3     Str  7      XL: 4   Next: 88%
MP   1/7         EV 15     Int 14      God:
Gold 149         SH  0     Dex 15      Spells:  3 memorised,  1 level left

Res.Fire  : . . .   See Invis. : .   a - +1 dagger
Res.Cold  : . . .   Warding    : .   b - +1 robe
Life Prot.: . . .   Conserve   : .   (no shield)
Res.Poison: .       Res.Corr.  : .   (no helmet)
Res.Elec. : .       Clarity    : .   (no cloak)
Sust.Abil.: . .     Spirit.Shd : .   (no gloves)
Res.Mut.  : .       Stasis     : .   (no boots)
Res.Rott. : .       Flight     : .   (no amulet)
Saprovore : + + .                    (no ring)
                                     (no ring)

@: slightly resistant to hostile enchantments, stealthy
A: disease resistance, carnivore 3, saprovore 2
a: no special abilities


You were on level 3 of the Dungeon.
You were full.

You visited 1 branch of the dungeon, and saw 3 of its levels.

You collected 129 gold pieces.

Inventory:

Hand weapons
 a - a +1,+1 dagger (weapon)
Missiles
 d - 11 darts (quivered)
 h - 2 curare-tipped needles
 i - 10 poisoned needles
Armour
 b - a +1 robe (worn)
Comestibles
 f - a meat ration
Scrolls
 e - a scroll of amnesia {unknown}
 g - a scroll of enchant weapon II {unknown}
 k - 2 scrolls of recharging {unknown}
 l - a scroll of curse jewellery {unknown}
 m - a scroll of remove curse {unknown}
 p - a scroll of enchant weapon I {unknown}
Potions
 j - a potion of speed
 n - a potion of curing
Books
 c - a book of Maledictions

   Spells                             Type                      Level
   *Corona                            Hexes                        1
   *Sure Blade                        Hexes/Charms                 2
   *Ensorcelled Hibernation           Hexes/Ice                    2
   Confuse                            Hexes                        3
   Enslavement                        Hexes                        4
   Invisibility                       Hexes                        6


   Skills:
 + Level 0.2 Fighting
 + Level 1.8 Short Blades
 + Level 1.3 Throwing
 + Level 3.1 Dodging
 * Level 3.7 Stealth
 * Level 1.7 Spellcasting
 + Level 3.4 Hexes
 * Level 0.2 Charms
 + Level 1.5 Ice Magic


You had one spell level left.
You knew the following spells:

 Your Spells              Type           Power        Failure   Level  Hunger
a - Corona                Hex            ##.....      10%         1    ##.....
b - Ensorcelled Hibernat  Hex/Ice        #.....       17%         2    ###....
c - Sure Blade            Hex/Chrm       #.........   21%         2    ###....


Dungeon Overview and Level Annotations

Branches:
Dungeon (3/27)

Altars:
Nemelex Xobeh


Innate Abilities, Weirdness & Mutations

You recuperate from illness quickly.
You are small and have problems with some larger weapons.
You are carnivorous and can eat meat at any time.
You can eat rotten meat.


Message History

The orc wizard is heavily wounded.
The orc wizard stops glowing.
The orc wizard completely misses you.
You hit the orc wizard but do no damage.
The orc wizard is heavily wounded.
The orc wizard hits you with an orcish dagger.
* * * LOW HITPOINT WARNING * * *
You barely miss the orc wizard.
The orc wizard is heavily wounded.
The orc wizard barely misses you.
You hit the orc wizard.
The orc wizard is severely wounded.
The orc wizard hits you with an orcish dagger.
* * * LOW HITPOINT WARNING * * *
You barely miss the orc wizard.
The orc wizard is severely wounded.
The orc wizard barely misses you.
You barely miss the orc wizard.
The orc wizard is severely wounded.
The orc wizard hits you with an orcish dagger!
You die...

#%# ########.#
.........#
#######..# #####
#..####{..#
#.........#
#o#####...# #o#
##o## #@# #.# #.#
#.# #.# #<#
########.# #.#
.........# #.#
#######..######.#
............<##.#
######..###.##.#
#..# ...#.#


You could see an orc wizard and an orc.

Vanquished Creatures
  A gnoll (D:1)
  3 adders (D:2)
  2 giant geckos
  3 orcs
  A bat (D:2)
  5 giant cockroaches
  9 goblins
  5 hobgoblins
  8 jackals (D:2)
  A ball python (D:2)
  2 giant newts (D:2)
  6 kobolds
  2 rats (D:1)
48 creatures vanquished.

Notes
Turn   | Place    | Note
--------------------------------------------------------------
     0 | D:1      | Leibowitz, the Kobold Enchanter, began the quest for the Orb.
     0 | D:1      | Reached XP level 1. HP: 10/10 MP: 3/3
   652 | D:1      | Reached XP level 2. HP: 9/15 MP: 4/4
   762 | D:1      | Learned a level 2 spell: Ensorcelled Hibernation
  1230 | D:1      | Reached XP level 3. HP: 19/19 MP: 6/6
  1418 | D:1      | Reached skill level 1 in Ice Magic
  1674 | D:2      | Found a sparkling altar of Nemelex Xobeh.
  2030 | D:2      | Reached XP level 4. HP: 22/24 MP: 2/7
  2034 | D:2      | Learned a level 2 spell: Sure Blade
  3777 | D:3      | Slain by an orc wizard

Action                   |  1- 3 |  4- 6 || total
-------------------------+-------+-------++-------
Melee: Dagger            |   111 |    67 ||   178
Throw: Dart              |     2 |       ||     2
 Cast: Corona            |     6 |     1 ||     7
       Ensorcelled Hiber |    17 |    20 ||    37
       Sure Blade        |       |     4 ||     4
  Use: Potion            |     5 |     3 ||     8
 Stab: Sleeping          |    14 |    13 ||    27
